 Seeded DCSS version 0.31-a0-214-gb37851dbb3 (webtiles) character file.

Game seed: 17612545735370830489 (custom seed)

16 innerfire43 the Trooper (level 2, -1/24 HPs)
             Began as a Demonspawn Monk on July 1, 2023.
             Slain by a goblin
             ... wielding a +0 dagger
             ... led by Robin
              (5 damage)
             ... on level 2 of the Dungeon.
             The game lasted 00:01:47 (591 turns).

innerfire43 the Trooper (Demonspawn Monk)            Turns: 591, Time: 00:01:47

Health: -1/24      AC:  5    Str: 11    XL:     2   Next: 41%
Magic:  2/2        EV:  7    Int: 13    God:
Gold:   93         SH: 21    Dex: 15    Spells: 1/1 levels left

rFire   . . .        a - +0 mace
rCold   . . .        h - +10 tower shield of Ignorance {rN+ Int-4}
rNeg    + + .        j - +2 leather armour of Impatience {rN+ Stlth+}
rPois   .            (no helmet)
rElec   .            (no cloak)
rCorr   .            (no gloves)
SInv    .            (no boots)
Will    .....        (no amulet)
Stlth   ++           f - +6 ring of intelligence
HPRegen 0.24/turn    (no ring)
MPRegen 0.08/turn

%: no passive effects
@: no status effects
A: powered by pain 1
a: no special abilities


You were on level 2 of the Dungeon.
You visited 1 branch of the dungeon, and saw 2 of its levels.

You collected 1132 gold pieces.
You spent 1039 gold pieces at shops.

Inventory:

Hand Weapons
 a - a +0 mace (weapon)
Armour
 b - a +0 robe
 d - an orb of light
 h - the +10 tower shield of Ignorance (worn) {rN+ Int-4}
   (You bought it in a shop on level 1 of the Dungeon)

   Int:       It affects your intelligence (-4).
   rN:        It protects you from negative energy.
 j - the +2 leather armour of Impatience (worn) {rN+ Stlth+}
   (You bought it in a shop on level 1 of the Dungeon)

   rN:        It protects you from negative energy.
   Stlth:     It makes you more stealthy.
Jewellery
 f - a +6 ring of intelligence (left hand)
Scrolls
 g - a scroll of identify {unknown}
 i - a scroll of brand weapon {unknown}
 k - a scroll of torment
Potions
 c - 3 potions of ambrosia
 e - 2 potions of brilliance {unknown}


   Skills:
 + Level 3.3 Fighting
 + Level 2.9 Maces & Flails
 + Level 3.0 Dodging


You had one spell level left.
You didn't know any spells.
Your spell library contained the following spells:

 Spells                   Type           Power      Damage    Failure   Level
 Slow                     Hex            0%         N/A       100%        1
 Confusing Touch          Hex            0%         N/A       100%        3
 Vampiric Draining        Necr           0%         2d6       100%        3


Dungeon Overview and Level Annotations

Branches:
Dungeon (2/15)

Altars:

Shops:
D:1 ([??

Annotations:
D:2 Robin


Innate Abilities, Weirdness & Mutations

You sometimes gain a little power by taking damage.


Message History

Robin says, "Feeling lonely?"
You block the hobgoblin's attack.
You hit the hobgoblin.
You kill the hobgoblin!
You block the goblin's attack.
Unknown command.
You closely miss the goblin. You block the goblin's attack.
The goblin hits you but does no damage. You block the goblin's attack. x2
The goblin hits you with a +0 dagger. The goblin hits you but does no damage.
The kobold hits you but does no damage.
Unknown command.
You hit the goblin.
The goblin is severely wounded.
You block the goblin's attack. The goblin barely misses you.
You block the kobold's attack. You block the goblin's attack.
The goblin closely misses you. The goblin hits you with a +0 dagger.
The goblin hits you but does no damage. The kobold hits you with a +0 club.
Robin roars a battlecry!
The goblins go into a battle-frenzy!
You closely miss the goblin.
The goblin is severely wounded.
You block the goblin's attack.
Robin says, "My army is invincible!"
The goblin completely misses you. You block the kobold's attack.
The goblin hits you but does no damage. x2; The goblin hits you with a +0 club.
The goblin hits you but does no damage. The kobold closely misses you.
You closely miss the goblin.
The goblin is severely wounded.
You block the goblin's attack. The goblin hits you with a +0 dagger.
The kobold hits you but does no damage. You block the goblin's attack.
The goblin hits you with a +0 dagger. The goblin barely misses you.
The goblin hits you with a +0 dagger.
* * * LOW HITPOINT WARNING * * *
Robin roars a battlecry!
The goblins go into a battle-frenzy!
The kobold hits you but does no damage.
You thump the goblin!
You kill the goblin!
The goblin hits you with a +0 dagger.
You die...

.....# # ##.....##
#. #.......# #..
#.......# ...
##....... ..
$g...# .#
#.#.#.##gg..##.###
#....g)@g..=......
###.####K.†....# #
###.#.####.#
#.#.##....
.#####......#
#.........####.#
..#####..<.....#
#...###### #...#


You could see Robin, a hobgoblin (strong), 3 goblins and a kobold.

Vanquished Creatures
  A bat (D:1)
  6 goblins
  2 hobgoblins
  3 kobolds (D:1)
  A ball python (D:2)
  A frilled lizard (D:1)
  2 rats (D:1)
16 creatures vanquished.

Notes
Turn   | Place    | Note
-------+----------+-------------------------------------------
     0 | D:1      | innerfire43 the Demonspawn Monk began the quest for the
                  | Orb.
     0 | D:1      | Reached XP level 1. HP: 18/18 MP: 1/1
    23 | D:1      | Found Wezuit Hoju's Antique Weapon Shoppe.
   120 | D:1      | Found Apnaij's Armour Emporium.
   154 | D:1      | Found Raxki's Magic Scroll Shop.
   213 | D:1      | Gained mutation: You sometimes gain a little power by
                  | taking damage. [demonic ancestry]
   213 | D:1      | Reached XP level 2. HP: 23/24 MP: 2/2
   292 | D:1      | Found Irownig's Magic Scroll Shoppe.
   499 | D:1      | Identified a scroll of acquirement
   499 | D:1      | Acquired 1010 gold pieces
   516 | D:1      | Bought the +10 tower shield of Ignorance {rN+ Int-4} for
                  | 630 gold pieces
   516 | D:1      | Found the +10 tower shield of Ignorance {rN+ Int-4}
   516 | D:1      | Bought the +2 leather armour of Impatience {rN+ Stlth+} for
                  | 286 gold pieces
   550 | D:1      | Bought a scroll of torment for 123 gold pieces
   582 | D:2      | Noticed Robin
   591 | D:2      | Slain by a goblin

Illustrated notes

Levels and vault maps discovered:
D:1:      grunt_arrival_crossed_arrows, layout_rooms, serial_shops,
          nicolae_shop_tiny_real_fake_doors, shop, nicolae_shop_tiny_waterfront,
          shop_coins
D:2:      layout_loops_cross, uniq_crazy_yiuf_cottage, uniq_robin

Skill      XL: |  1  2 |
---------------+-------+-----
Dodging        | 3 |  3.0
Fighting       | |  3.3
Maces & Flails | |  2.9

Action                     || total
---------------------------++-------
  Melee: Mace              ||    37
    Use: Scroll            ||     1
 Armour: Leather armour    ||    10
         Robe              ||     3
  Dodge: Dodged            ||    28
  Block: Tower shield      ||    17

Table legend: (Time is in decaauts)
 A = Elapsed time spent in this place.
 B = Non-inter-level travel time spent in this place.
 C = Inter-level travel time spent in this place.
 D = Time resting spent in this place.
 E = Time spent auto-exploring this place.
 F = Levels seen in this place.
 G = Mean time per level.
                   A        B        C        D        E       F      G
               +--------+--------+--------+--------+--------+-----+--------+
         Total |    604 |    557 |     47 |      0 |    419 |   2 |  302.0 |
       Dungeon |    604 |    557 |     47 |      0 |    419 |   2 |  302.0 |
               +--------+--------+--------+--------+--------+-----+--------+

Top non-repeatable levels by time:
     D:1: 580 daAuts
     D:2: 24 daAuts
